 Dungeon Crawl Stone Soup version 0.28.0-43-g3370ac3207 (webtiles) character file.

Game seed: 5770803834674262410

3157 themarg the Destroyer (level 9, 0/47 HPs)
             Began as a Tengu Conjurer on Mar 5, 2022.
             Was a Follower of Vehumet.
             Slain by a hornet (14 damage)
             ... on level 8 of the Dungeon.
             The game lasted 00:47:43 (10781 turns).

themarg the Destroyer (Tengu Conjurer)             Turns: 10781, Time: 00:47:44

Health: 0/47       AC:  5    Str:  7    XL:     9   Next: 93%
Magic:  9/21       EV: 15    Int: 29    God:    Vehumet [*.....]
Gold:   133        SH:  0    Dex: 13    Spells: 9/23 levels left

rFire   + . .      SeeInvis .   E - +8 falchion of Oluhay {vorpal, Fragile rPois rC+}
rCold   + . .      Faith    .   (no shield)
rNeg    . . .      Spirit   .   q - +2 robe {rF+}
rPois   +          Reflect  .   (helmet restricted)
rElec   .          Harm     .   u - +0 cloak
rCorr   .          Rampage  .   (no gloves)
Will    .....                   (boots unavailable)
Stlth   +++.......              (no amulet)
HPRegen 0.15/turn               i - +6 ring of intelligence
MPRegen 0.17/turn               (no ring)

@: lethally poisoned (0 -> -8), flying quickly and evasively, quick
A: beak, talons 3, nimble flight
a: Renounce Religion


You were on level 8 of the Dungeon.
You worshipped Vehumet.
Vehumet was aware of your devotion.
You visited 2 branches of the dungeon, and saw 9 of its levels.

You collected 482 gold pieces.
You spent 349 gold pieces at shops.

Inventory:

Hand Weapons
 o - a +0 dagger of electrocution
 p - a +1 vorpal hunting sling
 E - the +8 falchion of Oluhay (weapon) {vorpal, Fragile rPois rC+}
   (You found it on level 7 of the Dungeon)

   It inflicts extra damage upon your enemies.
   rC:        It protects you from cold.
   rPois:     It protects you from poison.
   Fragile:   It will be destroyed if unequipped.
 H - the +11 rapier of Uluphuus {elec, rElec rF++ MP+9 Int-4}
   (You found it on level 7 of the Dungeon)

   It occasionally discharges a powerful burst of electricity upon striking a
   foe.
   Int:       It affects your intelligence (-4).
   rF:        It greatly protects you from fire.
   rElec:     It insulates you from electricity.
   MP:        It affects your magic capacity (+9).
Missiles
 c - 40 sling bullets
 h - 244 stones
 l - 11 poisoned darts
 I - 6 curare-tipped darts
Armour
 q - a +2 robe of fire resistance (worn)
 u - a +0 cloak (worn)
Jewellery
 i - a +6 ring of intelligence (left hand)
 r - an amulet of guardian spirit
 z - a ring of protection from cold
 N - the ring of Huppiti {Will+ Str+2 SInv}
   (You bought it in a shop on level 1 of the Dungeon)

   [ring of see invisible]

   Str:       It affects your strength (+2).
   SInv:      It lets you see invisible.
   Will:      It increases your willpower.
Wands
 G - a wand of iceblast (2)
 K - a wand of flame (15)
 M - a wand of charming (8)
Scrolls
 d - 3 scrolls of enchant armour {unknown}
 m - 2 scrolls of blinking {unknown}
 s - a scroll of noise {unknown}
 t - 3 scrolls of teleportation {unknown}
 v - a scroll of enchant weapon {unknown}
 y - a scroll of vulnerability {unknown}
 A - a scroll of immolation {unknown}
 B - 2 scrolls of amnesia {unknown}
 C - a scroll of silence {unknown}
 F - a scroll of brand weapon {unknown}
 J - a scroll of identify
 L - 3 scrolls of fear {unknown}
Potions
 a - a potion of heal wounds {unknown}
 b - 2 potions of curing {unknown}
 e - a potion of mutation {unknown}
 f - 3 potions of might
 g - 2 potions of lignification {unknown}
 j - 2 potions of haste
 k - 2 potions of flight
 n - 4 potions of brilliance {unknown}
 w - a potion of resistance {unknown}
 x - a potion of ambrosia {unknown}
 D - a potion of attraction {unknown}


   Skills:
 + Level 1.4 Fighting
 * Level 1.4 Short Blades
 + Level 3.8 Dodging
 + Level 5.8 Stealth
 + Level 7.8 Spellcasting
 + Level 12.4 Conjurations


You had 9 spell levels left.
You knew the following spells:

 Your Spells              Type           Power      Damage    Failure   Level
a - Magic Dart            Conj           100%       1d8       1%          1
b - Searing Ray           Conj           100%       2d8       1%          2
c - Dazzling Flash        Conj/Hex       94%        N/A       1%          3
d - Fulminant Prism       Conj/Hex       23%        3d13      3%          4
e - Iskenderun's Mystic   Conj/Tloc      47%        2d10      3%          4

Your spell library contained the following spells:

 Spells                   Type           Power      Damage    Failure   Level
 Foxfire                  Conj/Fire      100%       2x1d9     1%          1


Dungeon Overview and Level Annotations

Branches:
Dungeon (8/15)             Temple (1/1) D:5
   Lair: D:8-11

Altars:
Ashenzari
Cheibriados
Dithmenos
Elyvilon
Fedhas
Gozag
Hepliaklqana
Kikubaaqudgha
Makhleb
Nemelex Xobeh
Okawaru
Qazlal
Sif Muna
Trog
Uskayaw
Vehumet
Wu Jian
Xom
Yredelemnul
Zin
The Shining One
Beogh

Shops:
D:1 =   D:5 =   D:8 *

Annotations:
D:4 3 runed translucent doors, Hrothgar's ghost, amateur HuFi
D:6 3 runed translucent doors, mortz's ghost, novice DrCj


Innate Abilities, Weirdness & Mutations

You have a beak for a mouth.
You have claws for feet.
Your magical nature lets you fly swiftly and evasively.


Message History

(Press . to maintain the ray.)
Your fulminant prism explodes!
The hornet closely misses you.
You hear an angry hiss.
You hear a shout!
Casting: Searing Ray (safe; 1% risk of failure)
Confirm with . or Enter, or press ? or * to list all spells.
Aiming: Fulminant Prism (dangerous; 3% risk of failure)
Press: ? - help, Dir - move target, p - hornet You conjure a prism of explosive energy!
A fulminant prism comes into view.
The hornet stings you!
You are poisoned.
The hornet completely misses you.
Casting: Fulminant Prism (dangerous; 3% risk of failure)
Confirm with . or Enter, or press ? or * to list all spells.
Okay, then.
Aiming: Charm
Press: ? - help, Shift-Dir - straight line, f - hornet
Aim: a hornet (lightly wounded, ally target, chance to affect: 39%)
Okay, then.
Aiming: Charm
Press: ? - help, Shift-Dir - straight line, f - hornet
Aim: a hornet (lightly wounded, ally target, chance to affect: 39%)
The hornet resists with some effort.
You feel very sick. The hornet closely misses you.
Your fulminant prism crackles loudly.
Okay, then.
Casting: Fulminant Prism (dangerous; 3% risk of failure)
Confirm with . or Enter, or press ? or * to list all spells.
Casting: Dazzling Flash (safe; 1% risk of failure)
Press: ? - help, Dir - look around, f - activate You feel very sick.
The hornet stings you!
* * * LOW HITPOINT WARNING * * *
Your fulminant prism explodes!
The blast of energy engulfs the hornet!
The hornet is heavily wounded.
The hornet stings you!
You die...

....... .....# ....#
#....# ...## #....# ...
+....# #/# #....#
#.#####....######
####.#.y..##.........#
........@...>..8......#
###.#.####.#..........#
... #...8.<.8....# #.#
#####+....#.... #.
.....8.∩.8# ## #
..........# .....8.>.8#
###.......# #....8..#


You could see a hornet.

Vanquished Creatures
  Prince Ribbit (D:5)
  Edmund (D:4)
  A water moccasin (D:6)
  A black bear (D:7)
  4 ice beasts
  4 ogres
  A sky beast (D:5)
  3 centaurs
  6 scorpions
  3 bullfrogs
  A water moccasin skeleton (D:5)
  A howler monkey (D:5)
  5 electric eels (D:7)
  A bullfrog zombie (D:5)
  2 jellies
  2 orc priests
  6 hounds
  Jessica (D:2)
  Terence (D:3)
  Natasha (D:4)
  7 orc wizards
  Robin (D:2)
  11 adders
  2 gnolls (D:5)
  2 howler monkey skeletons
  A white imp (D:6)
  2 ufetubi
  A worm (D:2)
  2 dart slugs
  7 orcs
  5 ball pythons
  4 bats (D:1)
  6 endoplasms
  A giant cockroach (D:3)
  17 goblins
  8 hobgoblins
  7 jackals
  3 frilled lizards
  6 kobolds
  A rat (D:1)
  A bush (D:5)
141 creatures vanquished.

Vanquished Creatures (others)
  A gnoll (D:5)
  18 fulminant prisms
  25 plants
44 creatures vanquished.

Grand Total: 185 creatures vanquished

Notes
Turn   | Place    | Note
-------+----------+-------------------------------------------
     0 | D:1      | themarg the Tengu Conjurer began the quest for the Orb.
     0 | D:1      | Reached XP level 1. HP: 10/10 MP: 4/4
   137 | D:1      | Reached XP level 2. HP: 15/15 MP: 0/6
   276 | D:1      | Found Tofic's Jewellery Shop.
   343 | D:1      | Learned a level 2 spell: Searing Ray
   389 | D:1      | Reached skill level 6 in Conjurations
   707 | D:1      | Found a faded altar of an unknown god.
   938 | D:2      | Reached XP level 3. HP: 19/19 MP: 4/7
  1137 | D:2      | Reached XP level 4. HP: 24/24 MP: 0/8
  1276 | D:2      | Noticed Robin
  1283 | D:2      | Killed Robin
  1529 | D:2      | Reached skill level 7 in Conjurations
  1897 | D:2      | Gained mutation: Your magical nature lets you fly swiftly
                  | and evasively. [Tengu growth]
  1897 | D:2      | Reached XP level 5. HP: 28/28 MP: 6/10
  2650 | D:3      | Noticed Terence
  2654 | D:3      | Killed Terence
  2737 | D:3      | Noticed Jessica
  2842 | D:2      | Killed Jessica
  3413 | D:4      | Reached XP level 6. HP: 32/32 MP: 7/12
  3415 | D:4      | Reached skill level 8 in Conjurations
  3742 | D:4      | Found a stormy altar of Qazlal.
  3913 | D:4      | Noticed Edmund
  3923 | D:4      | Killed Edmund
  4109 | D:4      | Found a runed translucent gate.
  4112 | D:4      | Found a runed translucent gate.
  4113 | D:4      | Found a runed translucent gate.
  4115 | D:4      | Noticed Hrothgar's ghost (amateur HuFi)
  4157 | D:4      | Reached XP level 7. HP: 36/36 MP: 6/14
  4213 | D:4      | Learned a level 3 spell: Dazzling Flash
  4274 | D:4      | Noticed Natasha
  4276 | D:4      | Killed Natasha
  4838 | D:5      | Entered Level 5 of the Dungeon
  4852 | D:5      | Reached skill level 9 in Conjurations
  5030 | D:5      | Reached skill level 5 in Spellcasting
  5030 | D:5      | Reached XP level 8. HP: 41/41 MP: 10/16
  5107 | D:5      | Found a staircase to the Ecumenical Temple.
  5116 | Temple   | Entered the Ecumenical Temple
  5417 | Temple   | Became a worshipper of Vehumet
  5688 | D:5      | Reached skill level 10 in Conjurations
  5771 | D:5      | Found Doasoiriwui's Jewellery Boutique.
  6237 | D:5      | Noticed Prince Ribbit
  6304 | D:5      | Learned a level 4 spell: Fulminant Prism
  6309 | D:5      | Learned a level 4 spell: Iskenderun's Mystic Blast
  6430 | D:5      | Killed Prince Ribbit
  6431 | D:5      | Reached skill level 1 in Fighting
  6431 | D:5      | Reached skill level 5 in Stealth
  6643 | D:5      | HP: 1/43 [centaur/arrow (4)]
  6647 | D:5      | Reached XP level 9. HP: 1/47 MP: 9/19
  7055 | D:6      | Identified the +0 leather armour of Minor Irritation {rC+}
  7113 | D:6      | Reached skill level 11 in Conjurations
  7179 | D:6      | Found a runed translucent gate.
  7180 | D:6      | Found a runed translucent gate.
  7182 | D:6      | Found a runed translucent gate.
  7184 | D:6      | Noticed mortz's ghost (novice DrCj)
  8178 | D:6      | Reached * piety under Vehumet
  8178 | D:6      | Offered knowledge of Foxfire by Vehumet.
  8186 | D:5      | HP: 2/47 [poisoned by a water moccasin]
  8672 | D:7      | Identified the +8 falchion of Oluhay {vorpal, Fragile rPois
                  | rC+}
  8730 | D:7      | Identified the +11 rapier of Uluphuus {elec, rElec rF++
                  | MP+9 Int-4}
  9149 | D:7      | Reached skill level 1 in Short Blades
  9149 | D:7      | Reached skill level 12 in Conjurations
  9338 | D:7      | HP: 2/47 [electric eel/bolt of electricity (12)]
 10400 | D:8      | Found Nic Nobb's Assorted Antiques.
 10573 | D:1      | Bought the ring of Huppiti {Will+ Str+2 SInv} for 349 gold
                  | pieces
 10771 | D:8      | Noticed a hornet
 10781 | D:8      | Slain by a hornet

Illustrated notes

Levels and vault maps discovered:
D:1:      co_arrival_random_square_maze, layout_basic, serial_shops,
          nicolae_shop_behind_doors, shapermc_ecumenical_altar_notcrosses
D:2:      layout_loops_cross, uniq_robin
D:3:      layout_basic, uniq_jessica, uniq_terence
D:4:      layout_loops_cross, nicolae_overflow_crystal_walls,
          gammafunk_ghost_necromancy, kennysheep_orc_chapel, uniq_edmund,
          uniq_natasha
D:5:      layout_basic, minmay_temple_entry_antechambers, serial_shops,
          nicolae_inconvenience_store, chequers_serial_rivers_room_b,
          grunt_ministairs_7, corexii_shack, kb_lookout_dungeons_type,
          uniq_prince_ribbit1
D:6:      layout_gridville, gammafunk_ghost_split, minmay_misc_feat_four_crosses
D:7:      layout_basic, serial_bayou, serial_bayou_ford_a, serial_bayou_shore_b,
          serial_bayou_lake_a, serial_bayou_pond_d, serial_bayou_shore_a,
          minivault_5
D:8:      layout_basic, serial_shops, nicolae_stop_n_shop_2,
          gammafunk_ghost_abyssal_escape, special_room [special_room_kobold],
          uniq_maggie, uniq_erica, uniq_maurice
Temple:   mainiacjoe_temple_trianglar_array

Skill      XL: |  1  2  3  4  5  6  7  8  9 |
---------------+----------------------------+-----
Conjurations   | 6 7 8 9 10 12 | 12.4
Spellcasting   | 3 4 5 6 7 |  7.8
Stealth        | 3 4 5 |  5.8
Dodging        | 3 |  3.8
Fighting       | 1 |  1.4
Short Blades   | 1 |  1.4

Action                   |  1- 3 |  4- 6 |  7- 9 || total
-------------------------+-------+-------+-------++-------
Melee: Dagger            |     1 |       |    23 ||    24
       Peck              |     1 |       |     6 ||     7
       Kick              |       |       |    16 ||    16
       Falchion          |       |       |     4 ||     4
 Cast: Magic Dart        |    33 |    67 |    76 ||   176
       Searing Ray       |     2 |    26 |    45 ||    73
       Fulminant Prism   |       |       |    18 ||    18
       Dazzling Flash    |       |       |     1 ||     1
Evoke: Wand              |       |       |     1 ||     1
  Use: Scroll            |       |     3 |       ||     3
Armor: Robe              |     1 |     1 |     8 ||    10
Dodge: Dodged            |       |    12 |    31 ||    43
